 Dungeon Sprint DCSS version 0.21-a0-400-g417d9d2 (webtiles) character file.

72 Kidiri the Magician (level 4, -10/24 HPs)
             Began as a Deep Elf Fire Elementalist on Oct 20, 2017.
             Engulfed by a cloud of steam (19 damage)
             ... in the Dungeon (Sprint III: "The Ten Rune Challenge").
             The game lasted 00:02:59 (443 turns).

Kidiri the Magician (Deep Elf Fire Elementalist)     Turns: 443, Time: 00:02:59

Health: -10/24     AC:  2    Str:  5    XL:     4   Next: 6%
Magic:  9/15       EV: 13    Int: 21    God:
Gold:   27         SH:  0    Dex: 17    Spells: 9/18 levels left

rFire    . . .     SeeInvis +   (no weapon)
rCold    . . .     Gourm    .   (no shield)
rNeg     . . .     Faith    .   a - +0 robe
rPois    .         Spirit   .   (no helmet)
rElec    .         Reflect  .   (no cloak)
rCorr    .         Harm     .   (no gloves)
MR       .....     NoTele   +   (no boots)
Stlth    +.........             (no amulet)
HPRegen  0.08/turn              (no ring)
MPRegen  0.14/turn              (no ring)

@: very slow
A: see invisible, agile 1, screaming 1
a: no special abilities


You were in the Dungeon.
You were not hungry.

You visited 1 branch You collected 27 gold pieces.

Inventory:

Armour
 a - a +0 robe (worn)
Scrolls
 i - a scroll of blinking
 p - a scroll of immolation
 q - a scroll of remove curse {unknown}
Potions
 d - a potion of curing
 e - a potion of heal wounds
 f - a potion of haste
 g - 2 potions of magic
 h - a potion of berserk rage
 o - 4 potions of flight
Books
 b - a book of Flames

   Spells                             Type                      Level
   a - Flame Tongue                   Conjuration/Fire             1
   b - Throw Flame                    Conjuration/Fire             2
   c - Conjure Flame                  Conjuration/Fire             3
   d - Inner Flame                    Hexes/Fire                   3
   e - Sticky Flame                   Conjuration/Fire             4
   f - Fireball                       Conjuration/Fire             5
Comestibles
 c - 3 bread rations


   Skills:
 - Level 2.4 Dodging
 - Level 2.4 Stealth
 * Level 7.9 Spellcasting
 + Level 4.3 Conjurations
 + Level 5.4 Fire Magic


You had 9 spell levels left.
You knew the following spells:

 Your Spells              Type           Power        Failure   Level  Hunger
a - Flame Tongue          Conj/Fire      ####.        1%          1    None
b - Throw Flame           Conj/Fire      ####..       1%          2    None
c - Conjure Flame         Conj/Fire      ####....     3%          3    None
d - Inner Flame           Hex/Fire       ###.....     8%          3    None


Dungeon Overview and Level Annotations

Branches:
Dungeon (1/1)

Altars:


Innate Abilities, Weirdness & Mutations

You have supernaturally acute eyesight. (SInv)
You are agile. (Dex +2)
You occasionally shout uncontrollably at your foes.


Message History

The flame tongue hits the human.
The human is severely wounded.
The human is engulfed in a cloud of scalding steam.
Casting: Flame Tongue
Confirm with . or Enter, or press ? or * to list all spells.
Aiming: Flame Tongue
Press: ? - help, Shift-Dir - straight line, f/p - human
Aim: a human (severely wounded)
The flame tongue hits the human.
You kill the human!
Your Conjurations skill increases to level 4!
You have reached level 4!
You feel clever.
You enter the shallow water.
Moving in this stuff is going to be slow.
You are engulfed in a cloud of scalding steam.
Ouch! That really hurt!
You are engulfed in a cloud of scalding steam.
Ouch! That really hurt!
You die...

▓▓▓▓▓▓▓▓▓▓▓ ***
▓<.#..+...♣♣♣ *,**********
▓..#..#.....♣ *,*___*___*_
▓#'####....♣♣♣ **,*,,,*__,*,
▓.....#...§≈§♣♣*,,***+*+***+
▓.....#...§@♣...♣,*,,,,,,,,,
▓.....#..≈§§§.♣♣.,+,⌠,,,,,,,
▓####'#..≈≈≈≈§≈...*,,,******
▓(....#.≈≈≈≈≈≈....#,⌠,*__*,,
▓.....#.≈≈≈≈≈.....#,,,*__*,,
▓.....#.≈≈≈.......#+***__*,,
▓'#####...........#,,,*__*,,
▓.................*___*__+,,
▓▓▓▓▓▓▓▓▓▓▓▓▓▓▓*************


There were no monsters in sight!

Vanquished Creatures
  A scorpion (D)
  A human (D)
  An ooze (D)
  3 rats (D)
6 creatures vanquished.

Vanquished Creatures (others)
  2 draconian scorchers (D)
  6 hellions (D)
  2 yaktaurs (D)
  4 plants (D)
14 creatures vanquished.

Grand Total: 20 creatures vanquished

Notes
Turn   | Place    | Note
-------+----------+-------------------------------------------
     0 | D        | Kidiri the Deep Elf Fire Elementalist began the quest for the Orb.
     0 | D        | Reached XP level 1. HP: 10/10 MP: 6/6
     7 | D        | Reached skill level 4 in Spellcasting
    82 | D        | Killed a yaktaur
    87 | D        | Killed a hellion
    92 | D        | Killed a yaktaur
   105 | D        | Killed a hellion
   105 | D        | Killed a hellion
   119 | D        | Killed a hellion
   127 | D        | Noticed a scorpion
   135 | D        | Killed a scorpion
   135 | D        | Reached skill level 7 in Spellcasting
   135 | D        | Reached skill level 5 in Fire Magic
   135 | D        | Reached XP level 2. HP: 10/15 MP: 3/12
   135 | D        | Reached XP level 3. HP: 13/19 MP: 3/13
   137 | D        | Killed a white draconian scorcher
   162 | D        | Learned a level 2 spell: Throw Flame
   166 | D        | Learned a level 3 spell: Conjure Flame
   170 | D        | Learned a level 3 spell: Inner Flame
   170 | D        | Gained mutation: You have large cloven feet. [potion of mutation]
   170 | D        | Gained mutation: You are partially covered in molten scales. (AC +2) [potion of mutation]
   171 | D        | Lost mutation: You are partially covered in molten scales. (AC +2) [potion of mutation]
   171 | D        | Lost mutation: You have large cloven feet. [potion of mutation]
   171 | D        | Gained mutation: You are clumsy. (Dex -2) [potion of mutation]
   171 | D        | Gained mutation: Your spells are a little easier to cast, but a little less powerful. [potion of mutation]
   171 | D        | Gained mutation: Your movements are slightly less encumbered by armour. (ER -2) [potion of mutation]
   171 | D        | Gained mutation: You are robust. (+10% HP) [potion of mutation]
   172 | D        | Lost mutation: You are clumsy. (Dex -2) [potion of mutation]
   172 | D        | Lost mutation: Your spells are a little easier to cast, but a little less powerful. [potion of mutation]
   172 | D        | Lost mutation: Your movements are slightly less encumbered by armour. (ER -2) [potion of mutation]
   172 | D        | Gained mutation: Scrolls take you a little longer to read. [potion of mutation]
   172 | D        | Gained mutation: Your mind is acute. (Int +2) [potion of mutation]
   173 | D        | Lost mutation: Scrolls take you a little longer to read. [potion of mutation]
   173 | D        | Lost mutation: Your mind is acute. (Int +2) [potion of mutation]
   173 | D        | Lost mutation: You are robust. (+10% HP) [potion of mutation]
   173 | D        | Gained mutation: You can translocate small distances at will. [potion of mutation]
   173 | D        | Gained mutation: You are covered in fur. (AC +1) [potion of mutation]
   173 | D        | Gained mutation: Your muscles are strong. (Str +2) [potion of mutation]
   173 | D        | Killed a white draconian scorcher
   174 | D        | Lost mutation: Your muscles are strong. (Str +2) [potion of mutation]
   174 | D        | Lost mutation: You are covered in fur. (AC +1) [potion of mutation]
   174 | D        | Lost mutation: You can translocate small distances at will. [potion of mutation]
   174 | D        | Gained mutation: You are agile. (Dex +2) [potion of mutation]
   174 | D        | Gained mutation: You occasionally shout uncontrollably at your foes. [potion of mutation]
   174 | D        | Gained mutation: You have supernaturally acute eyesight. (SInv) [potion of mutation]
   292 | D        | Killed a hellion
   299 | D        | Killed a hellion
   441 | D        | Reached XP level 4. HP: 24/24 MP: 8/15
   443 | D        | Engulfed by a cloud of steam

Vault maps used:
D:        dungeon_sprint_mu

Skill      XL: |  1  2  3 |
---------------+----------+-----
Spellcasting   | 7 |  7.9
Conjurations   | 3 4 |  4.3
Fire Magic     | 5 |  5.4
Dodging        | |  2.4
Stealth        | |  2.4

Action                   |  1- 3 |  4- 6 || total
-------------------------+-------+-------++-------
 Cast: Flame Tongue      |    14 |     1 ||    15
       Throw Flame       |     1 |       ||     1
  Use: Scroll            |     5 |       ||     5
       Potion            |     5 |       ||     5
Dodge: Dodged            |     2 |       ||     2

Table legend:
 A = Spawn XP
 B = Non-spawn XP
 C = Spawn XP percentage of total XP
 D = Spawn monster count
 E = Non-spawn monster count
 F = Spawn count percentage of total count
 G = Total turns spent on level
                    A         B        C        D         E        F      G
               +---------+---------+-------+---------+---------+-------+---------
         Total |       0 |     103 |   0.0 |       0 |       6 |   0.0 |   443
               +---------+---------+-------+---------+---------+-------+---------
             D |       0 |     103 |   0.0 |       0 |       6 |   0.0 |   443
               +---------+---------+-------+---------+---------+-------+---------
